 Dungeon Crawl Stone Soup version 0.29-a0-520-gc852659d43 (webtiles) character file.

Game seed: 8541731950853821008

282 testman the Slasher (level 6, -1/50 HPs)
             Began as a Human Monk on May 31, 2022.
             Was an Elder of Wu Jian.
             Killed from afar by a steam dragon (18 damage)
             ... with a ball of steam
             ... on level 4 of the Dungeon.
             The game lasted 00:12:22 (2422 turns).

testman the Slasher (Human Monk)                    Turns: 2422, Time: 00:12:23

Health: -1/50      AC:  3    Str: 11    XL:     6   Next: 54%
Magic:  6/6        EV: 13    Int: 11    God:    Wu Jian [****..]
Gold:   159        SH:  0    Dex: 23    Spells: 5/5 levels left

rFire   . . .      SeeInvis .   a - +1 falchion
rCold   . . .      Faith    .   n - +0 buckler
rNeg    . . .      Spirit   .   b - +0 robe
rPois   .          Reflect  .   (no helmet)
rElec   .          Harm     .   w - scarf {+Inv}
rCorr   .          Rampage  .   o - +0 pair of gloves
Will    .....                   (no boots)
Stlth   +.........              m - amulet of regeneration
HPRegen 0.96/turn               h - ring of flight
MPRegen 0.10/turn               s - +6 ring of dexterity

@: confused, ambrosia-drunk, flying
A: no striking features
a: Renounce Religion, Evoke Invisibility, Wall Jump, Serpent's Lash


You were on level 4 of the Dungeon.
You worshipped Wu Jian.
Wu Jian was greatly pleased with you.
You visited 1 branch of the dungeon, and saw 4 of its levels.
You also visited: Sewer.

You collected 159 gold pieces.

Inventory:

Hand Weapons
 a - a +1 falchion (weapon)
Missiles
 i - 6 silver javelins (quivered)
 t - 4 datura-tipped darts
Armour
 b - a +0 robe (worn)
 n - a +0 buckler (worn)
 o - a +0 pair of gloves (worn)
 w - a scarf of invisibility (worn)
Jewellery
 h - a ring of flight (left hand)
 m - an amulet of regeneration (around neck)
 s - a +6 ring of dexterity (right hand)
Wands
 u - a wand of flame (7)
Scrolls
 d - a scroll of poison
 e - a scroll of enchant armour
 j - 4 scrolls of teleportation
 k - a scroll of immolation
Potions
 c - 3 potions of ambrosia
 f - a potion of degeneration {unknown}
 g - a potion of curing {unknown}
 l - a potion of magic {unknown}
 p - a potion of berserk rage
 q - a potion of haste {unknown}
 r - a potion of mutation {unknown}
 v - a potion of lignification {unknown}
 x - a potion of invisibility {unknown}


   Skills:
 + Level 4.8 Fighting
 + Level 4.8 Long Blades
 - Level 3.0 Dodging
 - Level 2.0 Stealth
 + Level 2.5 Shields


You had 5 spell levels left.
You didn't know any spells.
Your spell library contained the following spells:

 Spells                   Type           Power      Damage    Failure   Level
 Ensorcelled Hibernation  Hex/Ice        0%         N/A       56%         2
 Passwall                 Tmut/Erth      0%         N/A       56%         2
 Swiftness                Air            0%         N/A       80%         3
 Fireball                 Conj/Fire      0%         3d3       100%        5
 Iskenderun's Battlesphe  Conj           0%         2d6       100%        5
 Conjure Ball Lightning   Conj/Air       0%         3x3d6     100%        6
 Orb of Destruction       Conj           0%         9d5       100%        7


Dungeon Overview and Level Annotations

Branches:
Dungeon (4/15)              Sewer (visited)
 Temple: D:4-7

Altars:
Fedhas
Wu Jian


Message History

The ufetubus closely misses you.
There is an open door here.
You slash the ufetubus!
You kill the ufetubus!
The Council accepts your kill.
You hit the quokka.
The quokka is heavily wounded.
You block the quokka's attack. The steam dragon breathes steam at you.
The ball of steam hits the quokka!
The quokka dies!
The ball of steam hits you!
Unknown command.
You lunge at the steam dragon.
You slash the steam dragon!
The steam dragon is moderately wounded.
You are engulfed in a cloud of scalding steam.
The steam dragon bites you. The steam dragon closely misses you.
You closely miss the steam dragon.
The steam dragon is moderately wounded.
The steam dragon bites you but does no damage.
The steam dragon misses you.
You hit the steam dragon but do no damage.
The steam dragon is moderately wounded.
The steam dragon bites you. The steam dragon closely misses you.
A ball python comes into view.
You hit the steam dragon.
The steam dragon is heavily wounded.
The steam dragon bites you!
* * * LOW HITPOINT WARNING * * *
The steam dragon barely misses you.
The ball python is engulfed in a cloud of scalding steam.
The ball python dies!
You are confused.
You feel invigorated. The steam dragon bites you.
* * * LOW HITPOINT WARNING * * *
The steam dragon claws you but does no damage.
You bump into the rock wall.
The steam dragon breathes steam at you. The ball of steam hits you!!
You die...

#.#. .♣.. #.#. ...#
....< ...# .....
r>.# ...... ...#
......#####...###.
.. .
#..†.'@D.♣....[
..## ..
##...##.....# ....
...####.##:..##
.#.. #.###...##.##
....###
##........#+#
...[..###...#.....#
.###....#...##...##
.<#.......###..#.#
.......##†#....#.#


You could see a steam dragon (catching breath).

Vanquished Creatures
  A water moccasin (Sewer)
  Jessica (D:3)
  An iguana (D:4)
  An orc wizard (D:3)
  2 adders (D:3)
  An ufetubus (D:4)
  A worm (D:3)
  3 dart slugs (D:1)
  5 orcs (D:3)
  4 ball pythons
  An endoplasm (D:3)
  3 giant cockroaches
  9 goblins
  8 hobgoblins
  6 jackals (D:1)
  2 kobolds (D:1)
  A quokka (D:3)
  10 bats
  A frilled lizard (D:2)
  7 rats
68 creatures vanquished.

Vanquished Creatures (others)
  A quokka (D:4)
  A ball python (D:4)
2 creatures vanquished.

Grand Total: 70 creatures vanquished

Notes
Turn   | Place    | Note
-------+----------+-------------------------------------------
     0 | D:1      | testman the Human Monk began the quest for the Orb.
     0 | D:1      | Reached XP level 1. HP: 18/18 MP: 1/1
    56 | D:1      | Found a faded altar of an unknown god.
    62 | D:1      | Prayed at the altar of an unknown god.
    62 | D:1      | Became a worshipper of the Wu Jian Council
    62 | D:1      | Reached * piety under Wu Jian
    62 | D:1      | Reached ** piety under Wu Jian
   127 | D:1      | Reached XP level 2. HP: 24/24 MP: 2/2
   316 | D:1      | Reached *** piety under Wu Jian
   418 | D:1      | Reached XP level 3. HP: 29/29 MP: 3/3
   906 | D:1      | You are sucked into a shaft and drop 1 floor!
  1205 | D:2      | Found a blossoming altar of Fedhas.
  1798 | D:3      | Reached XP level 4. HP: 34/37 MP: 4/4
  1897 | D:3      | Reached skill level 1 in Shields
  1897 | D:3      | Reached XP level 5. HP: 29/42 MP: 5/5
  1917 | D:3      | Found a glowing drain.
  1930 | D:3      | Reached **** piety under Wu Jian
  1940 | D:3      | Noticed Jessica
  1946 | D:3      | Killed Jessica
  1953 | Sewer    | Entered a sewer
  1982 | Sewer    | Noticed a water moccasin
  1994 | Sewer    | Killed a water moccasin
  1995 | Sewer    | Reached XP level 6. HP: 31/49 MP: 6/6
  2410 | D:4      | Noticed a steam dragon
  2422 | D:4      | Killed from afar by a steam dragon

Illustrated notes

Levels and vault maps discovered:
D:1:      saegor_arrival_simple_c, layout_basic, basic_ecumenical_altar,
          chequers_serial_rivers_marsh, minivault_24
D:2:      layout_basic, basic_altar
D:3:      layout_rooms, cheibrodos_sewer_entry_sluice, uniq_jessica
D:4:      layout_cave_pools, mainiacjoe_overflow_six_doors_small, st_stairs_2,
          grunt_ministairs_15

Skill      XL: |  1  2  3  4  5 |
---------------+----------------+-----
Long Blades    | 4 |  4.8
Fighting       | 4 |  4.8
Shields        | 1 2 |  2.5
Dodging        | |  3.0
Stealth        | |  2.0

Action                   |  1- 3 |  4- 6 || total
-------------------------+-------+-------++-------
Melee: Falchion          |    80 |    87 ||   167
Invok: Lunge             |    18 |    12 ||    30
       Whirlwind         |     1 |     9 ||    10
  Use: Scroll            |       |     7 ||     7
       Potion            |       |     1 ||     1
 Stab: Sleeping          |     7 |     4 ||    11
       Distracted        |     1 |     1 ||     2
Armor: Robe              |     9 |    10 ||    19
Dodge: Dodged            |    39 |    41 ||    80
Block: Buckler           |     4 |    17 ||    21

Table legend: (Time is in decaauts)
 A = Elapsed time spent in this place.
 B = Non-inter-level travel time spent in this place.
 C = Inter-level travel time spent in this place.
 D = Time resting spent in this place.
 E = Time spent auto-exploring this place.
 F = Levels seen in this place.
 G = Mean time per level.
                   A        B        C        D        E       F      G
               +--------+--------+--------+--------+--------+-----+--------+
         Total |   2438 |   2359 |     79 |      0 |   1820 |   5 |  487.6 |
       Dungeon |   2351 |   2272 |     79 |      0 |   1810 |   4 |  587.8 |
         Sewer |     86 |     86 |      0 |      0 |     10 |   1 |   86.0 |
               +--------+--------+--------+--------+--------+-----+--------+

Top non-repeatable levels by time:
     D:1: 912 daAuts
     D:2: 876 daAuts
     D:3: 516 daAuts
   Sewer: 86 daAuts
     D:4: 46 daAuts
